 Dungeon Crawl Stone Soup version 0.28-a0-233-gb8ca4b6547 (webtiles) character file.

Game seed: 15983915662841426134

95 dolemite99 the Ruffian (level 4, 38/38 HPs)
             Began as a Ghoul Monk on Aug 23, 2021.
             Was a Believer of Vehumet.
             Quit the game on level 2 of the Dungeon.
             The game lasted 00:02:35 (2147 turns).

dolemite99 the Ruffian (Ghoul Monk)                 Turns: 2147, Time: 00:02:36

Health: 38/38      AC:  3    Str: 15    XL:     4   Next: 65%
Magic:  3/3        EV: 12    Int:  5    God:    Vehumet [**....]
Gold:   32         SH:  0    Dex: 11    Spells: 3/3 levels left

rFire   . . .      SeeInvis .     - Unarmed
rCold   + . .      Faith    .   (no shield)
rNeg    + + +      Spirit   .   a - +0 robe
rPois   ∞          Reflect  .   (no helmet)
rElec   .          Harm     .   (no cloak)
rCorr   .          Rampage  .   (no gloves)
Will    .....                   f - +0 pair of boots
Stlth   ++........              (no amulet)
HPRegen 0.12/turn               (no ring)
MPRegen 0.08/turn               (no ring)

@: no status effects
A: claws 1, cold resistance 1, negative energy resistance 3, inhibited
regeneration, torment resistance 2
a: Renounce Religion


You were on level 2 of the Dungeon.
You worshipped Vehumet.
Vehumet was pleased with you.
You visited 1 branch of the dungeon, and saw 2 of its levels.

You collected 32 gold pieces.

Inventory:

Missiles
 d - 101 stones (quivered)
 i - 21 poisoned darts
Armour
 a - a +0 robe (worn)
 f - a +0 pair of boots (worn)
Scrolls
 b - a scroll of acquirement {unknown}
 g - 4 scrolls of identify {unknown}
Potions
 c - a potion of haste {unknown}
 e - 3 potions of curing {unknown}
 h - a potion of invisibility {unknown}
 j - a potion of ambrosia {unknown}


   Skills:
 - Level 3.2 Fighting
 - Level 2.6 Dodging
 - Level 2.1 Stealth
 + Level 5.8 Unarmed Combat


You had 3 spell levels left.
You didn't know any spells.
Your spell library contained the following spells:

 Spells                   Type           Power      Damage    Failure   Level
 Freeze                   Ice            0%         1d3       47%         1
 Sandblast                Erth           0%         2d4       47%         1
 Passwall                 Tmut/Erth      0%         N/A       63%         2
 Lee's Rapid Deconstruct  Erth           0%         3d5*      100%        5


Dungeon Overview and Level Annotations

Branches:
Dungeon (2/15)

Altars:
Vehumet


Innate Abilities, Weirdness & Mutations

You thrive by killing the living.
You are immune to poison.
You have sharp fingernails.
Your flesh is cold resistant. (rC+)
You are immune to negative energy. (rN+++)
You do not regenerate when monsters are visible.
You are immune to unholy pain and torment.


Message History

The quokka is heavily wounded.
The quokka misses you.
You barely miss the quokka.
The quokka is heavily wounded.
The quokka closely misses you.
You barely miss the quokka.
The quokka is moderately wounded.
The quokka bites you but does no damage.
You scratch the quokka.
You kill the quokka!
No target in view!
You see here a quokka corpse.
d - 100 stones (gained 1)
d - 101 stones (gained 1)
You open the door.
Found a faded altar of an unknown god.
There is an open door here.
Done exploring.
Done exploring.
There is an open door here.
Unknown command.
Unknown command.
Search for what [? for help]? armour Done exploring.
Done exploring.
(D) Dungeon
Where to? (Enter - D:1 @ (x,y), ? - help)
What level of the Dungeon? (default 1, ? - help)
Okay, then.
There is an open door here.
There is a faded altar of an unknown god here.
You cannot tell which god this altar belongs to.
Convert to them anyway?
Vehumet accepts your prayer! Vehumet welcomes you!
You can now gain magical power from killing.
Vehumet offers you knowledge of Freeze.
There is an open door here.
You aren't carrying any pieces of jewellery.
Unknown command.
Are you sure you want to abandon this character and quit the game? (Confirm with "yes".)

###..........†......#
#...#
#.......###.......#
#..[#
####..###_###..####
##### ##.#8...8#..#
#.#.###.#..#
#.#.#2#.#..#
#.#.###.#..#
#.#8...8#..#
#.###'###.@#
#..........#
#..........#
##.........#
###########


There were no monsters in sight!

Vanquished Creatures
  4 adders
  2 ball pythons
  4 bats
  5 endoplasms
  4 giant cockroaches
  9 goblins
  3 hobgoblins
  8 jackals
  3 kobolds
  3 quokkas (D:2)
  A frilled lizard (D:2)
  3 rats
49 creatures vanquished.

Vanquished Creatures (others)
  2 demonic plants (D:2)
2 creatures vanquished.

Grand Total: 51 creatures vanquished

Notes
Turn   | Place    | Note
-------+----------+-------------------------------------------
     0 | D:1      | dolemite99 the Ghoul Monk began the quest for the Orb.
     0 | D:1      | Reached XP level 1. HP: 19/19 MP: 0/0
    83 | D:1      | Reached XP level 2. HP: 25/26 MP: 1/1
    99 | D:1      | Reached skill level 4 in Unarmed Combat
   436 | D:1      | You fall into a shaft and drop 1 floor!
   565 | D:1      | Reached XP level 3. HP: 22/31 MP: 2/2
  1412 | D:2      | Reached skill level 5 in Unarmed Combat
  1454 | D:2      | Reached XP level 4. HP: 36/38 MP: 3/3
  2116 | D:2      | Found a faded altar of an unknown god.
  2116 | D:2      | Noticed a shadow demon
  2134 | D:2      | Became a worshipper of Vehumet
  2134 | D:2      | Reached * piety under Vehumet
  2134 | D:2      | Offered knowledge of Freeze by Vehumet.
  2134 | D:2      | Reached ** piety under Vehumet
  2147 | D:2      | Quit the game

Illustrated notes

Levels and vault maps discovered:
D:1:      dpeg_arrival_lava_temple_mockup, layout_rooms, serial_forest,
          infiniplex_forest_clump_medium, infiniplex_forest_straight_5,
          infiniplex_forest_clump_C, infiniplex_forest_clump_double,
          infiniplex_forest_lined_3_way, ebering_dispersal_statue_hall
D:2:      layout_basic, dreamdust_ecumenical_altar_sealed_demon

Skill      XL: |  1  2  3 |
---------------+----------+-----
Unarmed Combat | 4 5 |  5.8
Fighting       | |  3.2
Dodging        | |  2.6
Stealth        | |  2.1

Action                   |  1- 3 |  4- 6 || total
-------------------------+-------+-------++-------
Melee: Unarmed           |    82 |    46 ||   128
       Punch             |     1 |       ||     1
Throw: Stone             |    33 |    23 ||    56
Armor: Robe              |    21 |     7 ||    28
Dodge: Dodged            |    63 |    33 ||    96

Table legend: (Time is in decaauts)
 A = Elapsed time spent in this place.
 B = Non-inter-level travel time spent in this place.
 C = Inter-level travel time spent in this place.
 D = Time resting spent in this place.
 E = Time spent auto-exploring this place.
 F = Levels seen in this place.
 G = Mean time per level.
                   A        B        C        D        E       F      G
               +--------+--------+--------+--------+--------+-----+--------+
         Total |   2142 |   2041 |    101 |    281 |   1297 |   2 | 1071.0 |
       Dungeon |   2142 |   2041 |    101 |    281 |   1297 |   2 | 1071.0 |
               +--------+--------+--------+--------+--------+-----+--------+

Top non-repeatable levels by time:
     D:1: 1210 daAuts
     D:2: 932 daAuts
